 Dungeon Crawl Stone Soup version 0.30-a0-937-ga0a21ad780 (webtiles) character file.

Game seed: 12855431023439407313

102 mistaj the Trooper (level 4, -1/25 HPs)
             Began as a Vine Stalker Fighter on Mar 25, 2023.
             Was an Initiate of Cheibriados.
             Slain by a gnoll bouda
             ... wielding a +2 whip of freezing
              (3 damage)
             ... on level 4 of the Dungeon.
             The game lasted 00:02:06 (1697 turns).

mistaj the Trooper (Vine Stalker Fighter)           Turns: 1697, Time: 00:02:08

Health: -1/25      AC:  7    Str: 22    XL:     4   Next: 77%
Magic:  0/5        EV:  9    Int:  9    God:    Cheibriados [......]
Gold:   184        SH:  4    Dex: 14    Spells: 3/3 levels left

rFire   . . .      SeeInvis .    s - +1 war axe (heavy)
rCold   . . .      Faith    .    c - +0 buckler
rNeg    . . .      Spirit   +    b - +0 scale mail
rPois   .          Reflect  .    (no helmet)
rElec   .          Rampage  .    m - +0 cloak
rCorr   +                        (no gloves)
Will    .....                    (no boots) Stlth
                                 (no amulet)
HPRegen 1.04/turn                i - ring of resist corrosion
MPRegen 0.09/turn                (no ring)

@: weakened, very slow
A: fangs 2, regeneration 1, magic shield, antimagic bite, no potion heal 2
a: Renounce Religion


You were on level 4 of the Dungeon.
You worshipped Cheibriados.
Cheibriados was noncommittal.
You visited 1 branch of the dungeon, and saw 4 of its levels.

You collected 184 gold pieces.

Inventory:

Hand Weapons
 s - a +1 heavy war axe (weapon)
Missiles
 n - 4 javelins (quivered)
Armour
 b - a +0 scale mail (worn)
 c - a +0 buckler (worn)
 m - a +0 cloak (worn)
Jewellery
 i - a ring of resist corrosion (left hand)
Wands
 p - a wand of quicksilver (11)
Scrolls
 a - a scroll of identify {unknown}
 j - a scroll of fog {unknown}
 k - a scroll of immolation {unknown}
 l - 2 scrolls of amnesia {unknown}
 o - a scroll of enchant armour {unknown}
Potions
 d - a potion of might
 e - a potion of mutation {unknown}
 f - 2 potions of invisibility {unknown}
 g - a potion of resistance {unknown}
 h - a potion of heal wounds {unknown}
 q - 2 potions of flight {unknown}
 r - a potion of magic {unknown}


   Skills:
 + Level 3.9 Fighting
 + Level 3.2 Axes
 - Level 2.4 Armour
 - Level 2.7 Shields


You had 3 spell levels left.
You didn't know any spells.
Your spell library contained the following spells:

 Spells                   Type           Power      Damage    Failure   Level
 Ozocubu's Armour         Ice            0%         N/A       99%         3
 Ozocubu's Refrigeration  Ice            0%         4d7       100%        7


Dungeon Overview and Level Annotations

Branches:
Dungeon (4/15)
 Temple: D:4-7

Altars:
Cheibriados
Kikubaaqudgha
Makhleb
Okawaru
Xom


Innate Abilities, Weirdness & Mutations

You have extremely sharp teeth.
Your natural rate of healing is unusually fast.
When hurt, damage is shared between your health and your magic reserves.
Your bite disrupts and absorbs the magic of your enemies.
Potions cannot restore your health.


Message History

No target in view!
No target in view!
Found a shimmering altar of Xom.
You now have 184 gold pieces (gained 15).
There is an iron altar of Okawaru here.
Done exploring.
Done exploring.
There is a stone staircase leading down here.
You climb downwards.
There is a stone staircase leading up here.
Found a rapier.
Found a fluorescent wand.
A gnoll comes into view. It is wielding a +0 club.
The gnoll shouts!
You hear a shout!
You see here a staff of air.
A gnoll is nearby!
A gnoll bouda comes into view. It is wielding a +2 whip of freezing.
The gnoll bouda barks out a call to the hunt!
The gnoll picks up the pace!
The gnoll hits you with a +0 club.
You hear a shout!
You closely miss the gnoll. Your bite misses the gnoll.
You hear a shout!
The gnoll bouda barks out a call to the hunt!
The gnoll hits you with a +0 club. The gnoll barely misses you.
A gnoll comes into view. It is wielding a +0 spear.
You hear a shout!
You slice the gnoll!!
You kill the gnoll!
Cheibriados thoroughly appreciates the change of pace.
You hear a shout!
The gnoll bouda gazes fiercely through you!
You feel your attacks grow feeble. The gnoll barely misses you.
The gnoll bouda hits you with a +2 whip of freezing!
The gnoll bouda freezes you. The gnoll hits you but does no damage.
The gnoll bouda hits you with a +2 whip of freezing!
* * * LOW HITPOINT WARNING * * *
The gnoll bouda freezes you.
You die...

... /. .. )######
......
#.######..###########
#..gg@....#<........#
########|.#.##..###.#
#.##.##..# #.#
#.#####..# #.#
#........###.#
#######......#
########


You could see a gnoll bouda and a gnoll (swift).

Vanquished Creatures
  An orc wizard (D:3)
  A gnoll (D:4)
  An adder (D:2)
  A dart slug (D:3)
  6 orcs (D:3)
  2 ball pythons (D:1)
  3 endoplasms
  3 giant cockroaches (D:2)
  3 hobgoblins
  3 quokkas
  2 bats
  3 goblins
  3 kobolds
  4 rats (D:1)
36 creatures vanquished.

Vanquished Creatures (others)
  An orc wizard (D:3)
1 creature vanquished.

Grand Total: 37 creatures vanquished

Notes
Turn   | Place    | Note
-------+----------+-------------------------------------------
     0 | D:1      | mistaj the Vine Stalker Fighter began the quest for the
                  | Orb.
     0 | D:1      | Reached XP level 1. HP: 11/11 MP: 2/2
   228 | D:1      | Reached XP level 2. HP: 14/16 MP: 3/3
   542 | D:2      | Reached XP level 3. HP: 19/20 MP: 4/4
   979 | D:3      | Gained mutation: Your natural rate of healing is unusually
                  | fast. [Vine Stalker growth]
   979 | D:3      | Reached XP level 4. HP: 5/25 MP: 1/5
  1348 | D:3      | Found a snail-covered altar of Cheibriados.
  1354 | D:3      | Found a burning altar of Makhleb.
  1368 | D:3      | Became a worshipper of Cheibriados the Contemplative
  1589 | D:3      | Found an iron altar of Okawaru.
  1592 | D:3      | Found an ancient bone altar of Kikubaaqudgha.
  1595 | D:3      | Found a shimmering altar of Xom.
  1697 | D:4      | Slain by a gnoll bouda

Illustrated notes

Levels and vault maps discovered:
D:1:      lemuel_arrival_funnel, layout_basic
D:2:      layout_basic, grunt_ministairs_1
D:3:      layout_basic, grunt_temple_overflow_open,
          mainiacjoe_overflow_big_doors
D:4:      layout_basic, minitemple, nicolae_qazlal_scattered_showers

Skill      XL: |  1  2  3 |
---------------+----------+-----
Axes           | 2 3 |  3.2
Fighting       | 3 |  3.9
Armour         | |  2.4
Shields        | |  2.7

Action                     |  1- 3 |  4- 6 || total
---------------------------+-------+-------++-------
  Melee: War axe           |    64 |    26 ||    90
         Bite              |    11 |     4 ||    15
 Armour: Scale mail        |    22 |     7 ||    29
  Dodge: Dodged            |    26 |    12 ||    38
  Block: Buckler           |    18 |     7 ||    25

Table legend: (Time is in decaauts)
 A = Elapsed time spent in this place.
 B = Non-inter-level travel time spent in this place.
 C = Inter-level travel time spent in this place.
 D = Time resting spent in this place.
 E = Time spent auto-exploring this place.
 F = Levels seen in this place.
 G = Mean time per level.
                   A        B        C        D        E       F      G
               +--------+--------+--------+--------+--------+-----+--------+
         Total |   1822 |   1773 |     49 |    155 |   1270 |   4 |  455.5 |
       Dungeon |   1822 |   1773 |     49 |    155 |   1270 |   4 |  455.5 |
               +--------+--------+--------+--------+--------+-----+--------+

Top non-repeatable levels by time:
     D:3: 798 daAuts
     D:2: 513 daAuts
     D:1: 470 daAuts
     D:4: 40 daAuts
